 Dungeon Crawl Stone Soup version 0.30-a0-354-g6b83867211 (webtiles) character file.

Game seed: 17544388014760856954

105 KarmaKiller the Trooper (level 4, 0/43 HPs)
             Began as a Naga Fighter on Nov 7, 2022.
             Shot with a sling bullet by a goblin (3 damage)
             ... led by Robin
             ... on level 2 of the Dungeon.
             The game lasted 00:08:55 (1406 turns).

KarmaKiller the Trooper (Naga Fighter)              Turns: 1406, Time: 00:08:56

Health: 0/43       AC:  5    Str: 21    XL:     4   Next: 83%
Magic:  4/4        EV:  7    Int:  8    God:
Gold:   136        SH:  5    Dex: 10    Spells: 3/3 levels left

rFire   . . .      SeeInvis +    a - +1 long sword
rCold   . . .      Faith    .    c - +1 buckler
rNeg    . . .      Spirit   .    b - +0 scale mail
rPois   +          Reflect  .    (no helmet)
rElec   .          Harm     .    (no cloak)
rCorr   .          Rampage  .    (no gloves)
Will    .....                    (no barding)
Stlth   ..........               (no amulet)
HPRegen 0.27/turn                (no ring)
MPRegen 0.09/turn                (no ring)

@: mighty, very slow
A: AC +1, large, see invisible, deformed body, poison resistance, slowness 2,
spit poison 1, naga tail 1
a: Spit Poison


You were on level 2 of the Dungeon.
You visited 1 branch of the dungeon, and saw 2 of its levels.

You collected 136 gold pieces.

Inventory:

Hand Weapons
 a - a +1 long sword (weapon)
Missiles
 h - 6 atropa-tipped darts
Armour
 b - a +0 scale mail (worn)
 c - a +1 buckler (worn)
Scrolls
 f - a scroll of enchant weapon
 i - a scroll of fear {unknown}
 k - a scroll of fog {unknown}
Potions
 e - 2 potions of brilliance {unknown}
 g - a potion of flight {unknown}
 j - a potion of magic {unknown}


   Skills:
 + Level 3.6 Fighting
 + Level 3.0 Long Blades
 + Level 3.1 Armour
 + Level 0.9 Dodging
 + Level 3.0 Shields


You had 3 spell levels left.
You didn't know any spells.
Your spell library contained the following spells:

 Spells                   Type           Power      Damage    Failure   Level
 Static Discharge         Conj/Air       0%         2-2/arc   91%         2
 Vhi's Electric Charge    Tloc/Air       0%         N/A       99%         3
 Arcjolt                  Conj/Air       0%         1d10      100%        5
 Lightning Bolt           Conj/Air       0%         1d11      100%        5


Dungeon Overview and Level Annotations

Branches:
Dungeon (2/15)

Altars:


Innate Abilities, Weirdness & Mutations

Your serpentine skin is tough. (AC +1)
You have supernaturally acute eyesight. (SInv)
Armour fits poorly on your strangely shaped body.
Your system is resistant to poisons. (rPois)
You cover ground very slowly.
You can spit poison.
You have a snake-like lower body.


Message History

The hobgoblin no longer looks unusually strong.
The hobgoblin barely misses you. Robin throws the goblin at you!
The goblin hits you but does no damage.
The hobgoblin hits you but does no damage.
Robin's horned helmet rattles.
Robin roars a battlecry!
The hobgoblin goes into a battle-frenzy!
You closely miss the goblin. The goblin hits you but does no damage.
The hobgoblin barely misses you.
You closely miss the goblin. You block the goblin's attack.
The hobgoblin hits you.
* * * LOW HITPOINT WARNING * * *
Robin hits you but does no damage. The goblin hits you but does no damage.
The hobgoblin hits you but does no damage.
Robin hits you but does no damage.
You barely miss Robin.
The goblin no longer looks unusually strong.
You block the goblin's attack. The hobgoblin barely misses you.
Robin hits you but does no damage.
You slash Robin!
Robin is heavily wounded.
The goblin hits you with a +0 club.
* * * LOW HITPOINT WARNING * * *
The hobgoblin hits you but does no damage.
Robin says, "Kneel, worm!"
You block Robin's attack.
You slash Robin!
You kill Robin!
The goblin barely misses you. You block the hobgoblin's attack.
The goblin hits you with a +0 club.
* * * LOW HITPOINT WARNING * * *
Your Long Blades skill increases to level 3!
Found 9 gold pieces.
The hobgoblin hits you.
* * * LOW HITPOINT WARNING * * *
The goblin unwields a +0 club.
The goblin wields a +0 sling.
The goblin shoots a sling bullet.
The sling bullet barely misses you.
The hobgoblin hits you but does no damage.
Items here: )))) [[ ††.
The goblin shoots a sling bullet.
The sling bullet hits you.
You die...

.. #)).# #
.........$###.#######
.........##.........
........##.........
......# #.........
....####....†....
#..###......)....
###g###..#.........
#.@))g..##.........
##.#######.........
#..# ####...... ....#
#........ .....#
#.#####.# ♣....## #.#
#.# ♣....# ###.# ##.#
♣♣♣## ##...####...
#####..####...##


You could see a hobgoblin (strong) and a goblin.

Vanquished Creatures
  Terence (D:2)
  Robin (D:2)
  2 adders (D:2)
  2 worms (D:2)
  A dart slug (D:2)
  3 endoplasms
  A giant cockroach (D:2)
  5 hobgoblins
  4 jackals (D:1)
  2 quokkas
  2 ball pythons (D:2)
  2 bats (D:2)
  2 frilled lizards
  10 goblins
  4 rats
42 creatures vanquished.

Notes
Turn   | Place    | Note
-------+----------+-------------------------------------------
     0 | D:1      | KarmaKiller the Naga Fighter began the quest for the Orb.
     0 | D:1      | Reached XP level 1. HP: 21/21 MP: 1/1
   338 | D:1      | Reached XP level 2. HP: 26/28 MP: 2/2
   730 | D:1      | Found a faded altar of an unknown god.
   865 | D:2      | Noticed Terence
   880 | D:2      | Killed Terence
   881 | D:2      | Reached XP level 3. HP: 18/34 MP: 3/3
  1020 | D:2      | Reached XP level 4. HP: 20/42 MP: 4/4
  1365 | D:2      | Noticed Robin
  1404 | D:2      | Killed Robin
  1405 | D:2      | HP: 2/43 [hobgoblin[Robin] (5)]
  1406 | D:2      | Shot with a sling bullet by a goblin

Illustrated notes

Levels and vault maps discovered:
D:1:      nicolae_arrival_washed_ashore, layout_loops_ring,
          ebering_ecumenical_altar_ruins, minmay_door_square
D:2:      layout_rooms, serial_shops, nicolae_shop_stone,
          uniq_crazy_yiuf_cottage, uniq_robin, uniq_terence

Skill      XL: |  1  2  3  4 |
---------------+-------------+-----
Armour         | 3 |  3.1
Shields        | 3 |  3.0
Long Blades    | 3 |  3.0
Fighting       | |  3.6
Dodging        | |  0.9

Action                   |  1- 3 |  4- 6 || total
-------------------------+-------+-------++-------
Melee: Long sword        |    79 |    42 ||   121
 Abil: Spit Poison       |     9 |     3 ||    12
  Use: Scroll            |     3 |       ||     3
       Potion            |       |     1 ||     1
Armor: Scale mail        |    44 |    28 ||    72
Dodge: Dodged            |    37 |    19 ||    56
Block: Buckler           |    34 |    16 ||    50

Table legend: (Time is in decaauts)
 A = Elapsed time spent in this place.
 B = Non-inter-level travel time spent in this place.
 C = Inter-level travel time spent in this place.
 D = Time resting spent in this place.
 E = Time spent auto-exploring this place.
 F = Levels seen in this place.
 G = Mean time per level.
                   A        B        C        D        E       F      G
               +--------+--------+--------+--------+--------+-----+--------+
         Total |   1878 |   1878 |      0 |    144 |      0 |   2 |  939.0 |
       Dungeon |   1878 |   1878 |      0 |    144 |      0 |   2 |  939.0 |
               +--------+--------+--------+--------+--------+-----+--------+

Top non-repeatable levels by time:
     D:1: 1156 daAuts
     D:2: 721 daAuts
